 Dungeon Crawl Stone Soup version 0.32-a0-350-g4f4d228785 (webtiles) character file.

Game seed: 3858332397313018300

125 innerfire43 the Charlatan (level 4, -1/33 HPs)
             Began as a Demonspawn Wanderer on Feb 17, 2024.
             Was a Follower of Qazlal.
             Incinerated by a bombardier beetle (6 damage)
             ... with a burning spray
             ... on level 3 of the Dungeon.
             The game lasted 00:02:26 (1799 turns).

innerfire43 the Charlatan (Demonspawn Wanderer)     Turns: 1799, Time: 00:02:27

Health: -1/33      AC:  3    Str: 16    XL:     4   Next: 82%
Magic:  7/7        EV: 13    Int: 13    God:    Qazlal [*.....]
Gold:   100        SH:  5    Dex: 10    Spells: 7/7 levels left

rFire   . . .        a - +0 club
rCold   . . .        l - +0 buckler
rNeg    . . .        e - +0 leather armour
rPois   .            (no helmet)
rElec   .            (no cloak)
rCorr   .            (no gloves)
SInv    .            (no boots)
Will    .....        (no amulet)
Stlth   +            (no ring)
HPRegen 0.25/turn    (no ring)
MPRegen 0.10/turn

%: no passive effects
@: on fire, glowing
A: repulsion field 1, weakness stinger 2
a: Renounce Religion


You were on level 3 of the Dungeon.
You worshipped Qazlal.
Qazlal was aware of your devotion.
You visited 1 branch of the dungeon, and saw 3 of its levels.

You collected 100 gold pieces.

Inventory:

Hand Weapons
 a - a +0 club (weapon)
Armour
 e - a +0 leather armour (worn)
 l - a +0 buckler (worn)
Wands
 c - a wand of flame (2) (quivered)
Scrolls
 h - 6 scrolls of identify {unknown}
 j - 2 scrolls of revelation {unknown}
 k - a scroll of enchant armour {unknown}
 o - a scroll of teleportation {unknown}
Potions
 b - a potion of resistance {unknown}
 d - 2 potions of curing
 f - 2 potions of might
 g - 2 potions of attraction {unknown}
 i - a potion of berserk rage {unknown}
 m - a potion of cancellation {unknown}
 n - a potion of haste {unknown}


   Skills:
 + Level 1.8 Fighting
 + Level 1.5 Maces & Flails
 + Level 2.5 Dodging
 - Level 1.7 Unarmed Combat
 + Level 2.0 Spellcasting
 + Level 2.8 Conjurations
 - Level 3.0 Evocations


You had 7 spell levels left.
You didn't know any spells.
Your spell library contained the following spells:

 Spells                   Type           Power      Damage    Failure   Level
 Magic Dart               Conj           32%        1d4       13%         1
 Searing Ray              Conj           16%        2d5       21%         2
 Momentum Strike          Conj/Tloc      10%        3d8       34%         2
 Fulminant Prism          Conj/Alch      2%         3d5       93%         4


Dungeon Overview and Level Annotations

Branches:
Dungeon (3/15)

Altars:
Qazlal


Innate Abilities, Weirdness & Mutations

You are surrounded by a mild repulsion field. (EV +2)
You have a tail ending in a sharp stinger.


Message History

You barely miss the bombardier beetle. The liquid fire burns you!
The bombardier beetle sprays incendiary fluid at you.
The burning spray hits you.
You are even more covered in liquid fire!
Unknown command.
You are on fire!
You barely miss the bombardier beetle.
Your tail-slap misses the bombardier beetle.
The liquid fire burns you!
Unknown command.
You are on fire!
You hit the bombardier beetle but do no damage.
The liquid fire burns you!
The bombardier beetle sprays incendiary fluid at you.
The burning spray hits you.
You are even more covered in liquid fire!
You hit the bombardier beetle but do no damage.
You tail-slap the bombardier beetle.
The bombardier beetle is lightly wounded.
The liquid fire burns you!
The bombardier beetle sprays incendiary fluid at you.
The burning spray hits you.
You are even more covered in liquid fire!
You hit the bombardier beetle.
The bombardier beetle is lightly wounded.
The liquid fire burns you!
* * * LOW HITPOINT WARNING * * *
You block the bombardier beetle's attack.
Unknown command.
You hit the bombardier beetle but do no damage.
The bombardier beetle is lightly wounded.
The liquid fire burns you!
* * * LOW HITPOINT WARNING * * *
Unknown command.
You hit the bombardier beetle.
Your tail-slap misses the bombardier beetle.
The bombardier beetle is moderately wounded.
The liquid fire burns you!
You die...

.#
##.#.#########.~~#
## .# #..>#
#####.~## .#
#.#######?....~#
.#
#.#..........###
.# #.#..........#
.# #.#..........#
.# #.#..........#
.# #+#......B...#
## #@# #.# #.#
###.# ###...#
###..##.#
##########..####.#
.......#..### #.#
..⌠ß⌠..'.## #.#


You could see a bombardier beetle.

Vanquished Creatures
  A bombardier beetle (D:3)
  4 adders
  A dart slug (D:1)
  An orc (D:3)
  4 ball pythons
  3 endoplasms
  4 hobgoblins
  3 kobolds
  3 bats
  3 frilled lizards (D:2)
  2 goblins (D:2)
  4 rats
33 creatures vanquished.

Notes
Turn   | Place    | Note
-------+----------+-------------------------------------------
     0 | D:1      | innerfire43 the Demonspawn Wanderer began the quest for the
                  | Orb.
     0 | D:1      | innerfire43 set off with the following items: a +0 club, a
                  | potion of heal wounds, a wand of flame (4), a potion of
                  | curing, a +0 leather armour, a potion of might; and the
                  | following spells available to memorise: Searing Ray,
                  | Momentum Strike.
     0 | D:1      | Reached XP level 1. HP: 13/13 MP: 2/2
   275 | D:1      | Gained mutation: You are surrounded by a mild repulsion
                  | field. (EV +2) [demonic ancestry]
   275 | D:1      | Reached XP level 2. HP: 19/20 MP: 3/3
   358 | D:1      | Found a faded altar of an unknown god.
   418 | D:1      | Prayed at the altar of an unknown god.
   418 | D:1      | Became a worshipper of Qazlal Stormbringer
   418 | D:1      | Reached * piety under Qazlal
   797 | D:2      | Reached skill level 1 in Fighting
   797 | D:2      | Gained mutation: You have a small tail. [demonic ancestry]
   797 | D:2      | Reached XP level 3. HP: 23/26 MP: 5/5
   801 | D:2      | Reached skill level 1 in Maces & Flails
  1306 | D:2      | Gained mutation: You have a tail ending in a sharp stinger.
                  | [demonic ancestry]
  1306 | D:2      | Reached XP level 4. HP: 19/32 MP: 6/6
  1799 | D:3      | Incinerated by a bombardier beetle

Illustrated notes

Levels and vault maps discovered:
D:1:      sevenhm_arrival_forest_fort_small_3, layout_basic,
          nicolae_ecumenical_snake_handling, patterned_corridor
D:2:      layout_loops_ring
D:3:      cheibrodos_thug_alley, layout_basic, grunt_decor_clamped

Skill      XL: |  1  2  3  4 |
---------------+-------------+-----
Dodging        | 2 |  2.5
Fighting       | 1 |  1.8
Maces & Flails | 1 |  1.5
Spellcasting   | 2 |  2.0
Unarmed Combat | |  1.7
Conjurations   | |  2.8
Evocations     | |  3.0

Action                     |  1- 3 |  4- 6 || total
---------------------------+-------+-------++-------
  Melee: Club              |    90 |    34 ||   124
         Tailslap          |     4 |     5 ||     9
  Evoke: Wand              |     2 |       ||     2
    Use: Potion            |     1 |       ||     1
 Armour: Leather armour    |    60 |    12 ||    72
  Dodge: Dodged            |    62 |    21 ||    83
  Block: Other             |     5 |       ||     5
         Buckler           |     2 |     6 ||     8

Table legend: (Time is in decaauts)
 A = Elapsed time spent in this place.
 B = Non-inter-level travel time spent in this place.
 C = Inter-level travel time spent in this place.
 D = Time resting spent in this place.
 E = Time spent auto-exploring this place.
 F = Levels seen in this place.
 G = Mean time per level.
                   A        B        C        D        E       F      G
               +--------+--------+--------+--------+--------+-----+--------+
         Total |   1831 |   1815 |     16 |      0 |   1475 |   3 |  610.3 |
       Dungeon |   1831 |   1815 |     16 |      0 |   1475 |   3 |  610.3 |
               +--------+--------+--------+--------+--------+-----+--------+

Top non-repeatable levels by time:
     D:2: 893 daAuts
     D:1: 733 daAuts
     D:3: 204 daAuts
